Map: Ascension to Aiur LE

Players

DnS

  • Race: Protoss Protoss
  • Spawn Location: 5:00

Seither - Winner!

  • Race: Terran Terran
  • Spawn Location: 11:00

Event: WCS Montreal 2017

VOD

Have the link to the VOD?

Description

Time

  • Played on: Sept. 8, 2017, 5:56 p.m.
  • Length: 9:21

All games in this series

Show
View Real Time Build Order
Export as new Build Order

DnS Protoss 

Build Orders: 1 Gate Expand, Colossus Rush 

Get SALT Encoding   

  12  0:01  Probe (Chrono Boost)  
  13  0:11  Probe (Chrono Boost)  
  14  0:18  Pylon  
  14  0:22  Probe (Chrono Boost)  
  15  0:36  Probe (Chrono Boost), Gateway  
  16  0:47  Probe (Chrono Boost)  
  16  0:48  Assimilator  
  17  0:57  Probe (Chrono Boost)  
  18  1:08  Probe (Chrono Boost)  
  19  1:19  Nexus  
  19  1:23  Probe (Chrono Boost)  
  20  1:32  Cybernetics Core  
  20  1:35  Probe (Chrono Boost)  
  21  1:40  Assimilator  
  21  1:45  Probe (Chrono Boost)  
  22  1:50  Pylon  
  22  1:56  Probe (Chrono Boost)  
  23  2:08  Probe, Warp Gate, Adept (Chrono Boost)  
  26  2:20  Probe  
  27  2:23  Robotics Facility  
  27  2:30  Probe  
  27  2:32  Probe  
  27  2:36  Adept (Chrono Boost)  
  31  2:40  Probe  
  32  2:44  Probe  
  32  2:51  Probe  
  33  2:56  Probe (Chrono Boost)  
  35  3:03  Probe (Chrono Boost)  
  36  3:08  Probe (Chrono Boost)  
  37  3:13  Warp Prism  
  37  3:14  Probe (Chrono Boost)  
  37  3:15  Robotics Bay  
  41  3:20  Probe (Chrono Boost)  
  41  3:24  Probe (Chrono Boost)  
  42  3:29  Pylon  
  42  3:30  Probe (Chrono Boost)  
  42  3:33  Gateway  
  43  3:35  Probe (Chrono Boost)  
  43  3:38  Gateway  
  44  3:45  Probe (Chrono Boost)  
  45  3:49  Probe (Chrono Boost)  
  46  3:56  Probe (Chrono Boost)  
  46  3:59  Assimilator  
  46  4:00  Disruptor (Chrono Boost), Mothership Core (Chrono Boost)  
  46  4:02  Assimilator, Pylon  
  49  4:06  Probe  
  49  4:09  Gravitic Drive (Chrono Boost)  
  53  4:18  Probe, Pylon  
  53  4:23  Pylon  
  53  4:24  Probe  
  55  4:28  Stalker  
  55  4:29  Stalker  
  55  4:31  Probe  
  60  4:36  Probe  
  61  4:44  Colossus  
  61  4:49  Stalker  
  61  4:51  Probe x2  
  71  5:03  Probe  
  72  5:08  Nexus  
  72  5:09  Probe  
  72  5:10  Pylon  
  73  5:16  Probe  
  73  5:20  Pylon  
  74  5:23  Extended Thermal Lance (Chrono Boost)  
  74  5:28  Probe  
  75  5:29  Probe  
  75  5:30  Pylon  
  75  5:33  Sentry  
  75  5:34  Adept  
  80  5:37  Colossus  
  80  5:40  Probe  
  80  5:41  Probe  
  88  5:52  Probe  
  88  5:53  Probe  
  90  6:04  Probe, Sentry, Adept x2  
  94  6:08  Probe, Forge  
  94  6:09  Twilight Council  
  98  6:16  Probe  
  98  6:17  Pylon  
  98  6:18  Probe  
  99  6:22  Probe  
  99  6:23  Colossus  
  101  6:30  Probe  
  108  6:39  Protoss Ground Weapons Level 1 (Chrono Boost)  
  108  6:40  Probe  
  108  6:43  Probe  
  108  6:45  Blink (Chrono Boost)  
  110  6:47  Pylon  
  110  6:52  Gateway  
  110  6:53  Gateway  
  110  6:54  Gateway  
  110  6:56  Stalker x2  
  110  6:58  Stalker  
  116  7:03  Probe x3  
  116  7:06  Assimilator  
  116  7:08  Assimilator  
  119  7:10  Gateway  
  119  7:12  Gateway  
  119  7:16  Pylon  
  119  7:19  Pylon  
  117  7:24  Colossus  
  117  7:31  Stalker  
  90  7:46  Nexus  
  90  7:47  Stalker  
  90  7:49  Sentry  
  93  8:08  Mothership Core  
  91  8:21  Observer  
  91  8:26  Zealot x6  
  104  8:28  Zealot x2  
  108  8:34  Probe  
  109  9:02  Stalker x3  
Show
View Real Time Build Order
Export as new Build Order

Seither Terran - Winner!

Build Orders: MMM Bio 

Get SALT Encoding   

  12  0:00  SCV  
  13  0:12  SCV  
  14  0:17  Supply Depot  
  14  0:25  SCV  
  15  0:38  SCV  
  15  0:41  Barracks  
  16  0:46  Refinery  
  16  0:50  SCV  
  17  1:02  SCV  
  18  1:14  SCV  
  19  1:29  Orbital Command, Marine  
  20  1:41  Command Center  
  20  1:48  Barracks Reactor  
  20  1:55  Supply Depot  
  20  1:56  SCV  
  21  2:06  Factory  
  21  2:09  SCV  
  21  2:15  Refinery  
  22  2:21  SCV  
  23  2:24  Marine  
  23  2:25  Reaper  
  25  2:33  SCV  
  26  2:43  Marine  
  27  2:45  SCV  
  27  2:50  Starport  
  28  2:54  Orbital Command  
  28  2:56  Widow Mine  
  28  2:57  Marine  
  28  2:58  SCV  
  32  3:03  Marine  
  33  3:10  SCV  
  34  3:16  Marine  
  35  3:20  SCV  
  35  3:21  Marine  
  35  3:22  SCV  
  35  3:24  Widow Mine  
  40  3:29  Medivac  
  40  3:33  Supply Depot, SCV  
  43  3:34  SCV  
  43  3:37  Marine  
  43  3:39  Marine  
  46  3:55  Barracks, SCV x2  
  48  3:56  Factory Tech Lab  
  48  3:57  Barracks  
  48  4:00  Supply Depot, Marine  
  49  4:04  Marine  
  49  4:06  Starport Tech Lab  
  49  4:07  SCV x2  
  52  4:13  Supply Depot  
  52  4:18  Supply Depot  
  52  4:19  SCV x2  
  52  4:23  Marine x2  
  56  4:29  Engineering Bay  
  56  4:31  SCV x2  
  56  4:34  Starport Reactor, Factory Reactor  
  56  4:36  Refinery  
  58  4:43  SCV  
  58  4:44  SCV  
  56  4:49  Marine x2  
  58  4:53  Supply Depot  
  58  4:55  SCV  
  58  4:57  Combat Shields, Marauder  
  58  4:58  Stimpack, Marauder  
  62  5:01  SCV  
  63  5:07  SCV  
  63  5:09  Marine x2  
  63  5:10  Terran Infantry Weapons Level 1  
  66  5:17  SCV  
  66  5:19  SCV  
  62  5:21  Medivac x2  
  62  5:27  Widow Mine x2  
  62  5:28  Marine x2  
  71  5:30  SCV  
  71  5:32  SCV  
  71  5:34  Marauder x2  
  78  5:39  Supply Depot  
  78  5:41  Supply Depot  
  78  5:43  SCV  
  78  5:44  SCV  
  80  5:52  Marine x2  
  80  5:55  SCV, Marauder  
  80  5:56  SCV  
  82  6:07  Medivac x2, SCV, Widow Mine  
  82  6:08  Widow Mine  
  82  6:10  SCV  
  92  6:13  Refinery  
  92  6:15  Supply Depot  
  92  6:16  Supply Depot  
  92  6:17  Marauder  
  94  6:20  Marine, SCV, Marauder  
  94  6:23  SCV  
  99  6:32  SCV  
  100  6:37  Command Center  
  100  6:40  Marine x2  
  100  6:41  Marauder  
  100  6:42  SCV  
  100  6:44  SCV  
  106  6:47  Supply Depot  
  106  6:51  Marauder  
  106  6:53  Medivac x2  
  112  7:01  Marine  
  112  7:05  SCV x2  
  112  7:07  Barracks  
  115  7:09  Barracks  
  115  7:11  Widow Mine x2  
  115  7:13  Marauder  
  121  7:17  SCV x2  
  121  7:20  Supply Depot  
  122  7:22  Liberator  
  122  7:24  Liberator  
  122  7:29  SCV x2  
  123  7:36  Marine x2, Marauder x2  
  126  7:42  SCV x2  
  127  7:52  Orbital Command  
  127  7:54  Marine, SCV  
  127  7:58  Barracks Tech Lab, Barracks Reactor, Marauder x2  
  132  8:02  Supply Depot  
  130  8:06  SCV, Engineering Bay  
  130  8:07  SCV  
  130  8:11  Liberator, Marine  
  133  8:13  Liberator  
  133  8:15  Armory  
  133  8:19  Orbital Command, Marauder x2  
  132  8:21  SCV x2  
  132  8:26  Missile Turret  
  134  8:33  SCV  
  141  8:34  SCV  
  142  8:42  Marine x2, Marauder  
  142  8:43  Marauder  
  148  8:50  SCV x2  
  150  8:57  Marine x2, Marauder  
  150  9:00  SCV  
  150  9:02  SCV  
Tags
 
Add a new tag
Caveats
  • Supply blocks, unpowered buildings, or Contaminate may cause inaccurate times.
  • Supply counts are checked every 10 seconds.